Map: Daybreak LE (Void)

Players

Beastyqt - Winner!

  • Race: Terran Terran
  • Spawn Location: 1:00

harstem

  • Race: Protoss Protoss
  • Spawn Location: 7:00

Event: WESG 2016 Finals

VOD

Have the link to the VOD?

Description

Time

  • Played on: Jan. 12, 2017, 12:37 a.m.
  • Length: 8:27

All games in this series

Show
View Real Time Build Order
Export as new Build Order

Beastyqt Terran - Winner!

Build Orders: Cyclone Opening, MMM Bio 

Get SALT Encoding   

  12  0:00  SCV  
  13  0:12  SCV  
  14  0:18  Supply Depot  
  14  0:24  SCV  
  15  0:32  Refinery  
  15  0:39  SCV  
  16  0:49  Barracks  
  16  0:52  SCV  
  17  1:04  SCV  
  18  1:16  SCV  
  19  1:28  SCV  
  20  1:35  Marine  
  20  1:37  Factory  
  21  1:40  Orbital Command  
  21  1:46  Supply Depot  
  21  1:53  Marine  
  22  1:56  Bunker  
  22  1:59  Refinery  
  22  2:06  SCV  
  23  2:11  Marine  
  24  2:18  SCV  
  25  2:28  Cyclone  
  25  2:29  Marine  
  29  2:35  SCV  
  30  2:40  Starport  
  30  2:42  Supply Depot  
  30  2:47  SCV  
  30  3:02  SCV  
  30  3:04  Supply Depot, Cyclone  
  34  3:10  Liberator  
  33  3:15  SCV  
  37  3:35  Command Center  
  37  3:39  Widow Mine  
  39  3:43  SCV  
  40  3:53  Supply Depot  
  40  3:55  SCV  
  39  4:06  Barracks Reactor  
  39  4:07  SCV  
  39  4:10  Barracks  
  39  4:11  Barracks  
  39  4:16  Cyclone  
  39  4:24  Starport Tech Lab  
  39  4:27  Engineering Bay  
  39  4:29  SCV  
  40  4:41  SCV  
  40  4:45  Marine x2  
  43  4:48  Orbital Command  
  43  4:56  SCV  
  43  4:59  Viking  
  43  5:00  Cyclone  
  43  5:04  Marine  
  43  5:05  Marine  
  48  5:09  Marine  
  48  5:19  Orbital Command  
  48  5:20  Missile Turret  
  48  5:21  Marine, Stimpack  
  48  5:26  SCV  
  47  5:29  Marine  
  47  5:34  Missile Turret  
  48  5:38  SCV  
  48  5:41  Barracks Tech Lab, Starport Reactor  
  48  5:42  Widow Mine  
  52  5:53  Marine  
  52  5:55  Supply Depot  
  52  5:57  Supply Depot, Terran Infantry Weapons Level 1  
  52  5:59  SCV  
  52  6:01  SCV  
  54  6:10  Supply Depot, Combat Shields  
  54  6:17  SCV x2  
  56  6:21  Marine x3, Medivac  
  61  6:25  Factory Reactor  
  61  6:29  Marine, SCV x2  
  61  6:32  Supply Depot x2  
  64  6:36  Medivac  
  66  6:41  SCV  
  66  6:42  Refinery  
  66  6:43  Refinery  
  66  6:44  Marine x2  
  66  6:46  Marine  
  70  6:51  SCV  
  70  6:53  Marine  
  72  6:56  Supply Depot  
  72  6:58  SCV  
  73  7:02  Widow Mine x2  
  73  7:06  Marine  
  79  7:10  Medivac  
  81  7:21  Supply Depot  
  80  7:26  Marauder  
  80  7:28  Command Center  
  82  7:32  SCV  
  82  7:35  Marine  
  82  7:36  SCV  
  83  7:38  Marine  
  83  7:41  Widow Mine  
  83  7:42  Marine  
  84  7:44  SCV, Medivac  
  84  7:46  Marine  
  84  7:48  SCV  
  86  7:56  SCV  
  81  8:00  Marauder  
  81  8:01  SCV  
  83  8:11  Barracks  
  81  8:17  Barracks x2  
Show
View Real Time Build Order
Export as new Build Order

harstem Protoss 

Build Orders: Oracle Opening 

Get SALT Encoding   

  12  0:02  Probe (Chrono Boost)  
  13  0:12  Probe (Chrono Boost)  
  14  0:18  Pylon  
  14  0:23  Probe (Chrono Boost)  
  15  0:36  Probe (Chrono Boost)  
  15  0:37  Gateway  
  16  0:43  Assimilator  
  16  0:46  Probe (Chrono Boost)  
  18  0:57  Probe (Chrono Boost)  
  18  1:07  Probe (Chrono Boost)  
  19  1:18  Probe (Chrono Boost)  
  20  1:20  Assimilator  
  20  1:25  Cybernetics Core  
  20  1:29  Probe (Chrono Boost)  
  20  1:31  Pylon  
  20  1:32  Zealot  
  23  1:51  Probe (Chrono Boost)  
  24  2:01  Adept  
  24  2:04  Warp Gate  
  24  2:05  Mothership Core (Chrono Boost)  
  28  2:11  Pylon  
  28  2:28  Probe (Chrono Boost)  
  29  2:36  Pylon  
  29  2:39  Adept  
  29  2:41  Probe (Chrono Boost)  
  29  2:42  Stargate  
  32  2:49  Pylon  
  32  2:53  Probe (Chrono Boost)  
  33  3:06  Adept  
  35  3:15  Probe (Chrono Boost)  
  36  3:20  Pylon  
  36  3:22  Oracle  
  36  3:32  Probe (Chrono Boost)  
  40  3:53  Oracle  
  43  4:05  Probe (Chrono Boost)  
  43  4:06  Nexus  
  43  4:18  Probe (Chrono Boost)  
  43  4:22  Gateway  
  43  4:24  Pylon  
  43  4:26  Gateway  
  43  4:30  Probe (Chrono Boost)  
  44  4:43  Probe (Chrono Boost)  
  48  4:49  Phoenix  
  42  4:55  Probe (Chrono Boost)  
  38  5:06  Probe (Chrono Boost)  
  39  5:10  Stalker  
  41  5:18  Probe (Chrono Boost)  
  41  5:29  Probe (Chrono Boost)  
  41  5:31  Probe (Chrono Boost)  
  41  5:33  Oracle  
  43  5:41  Probe x2 (Chrono Boost)  
  48  5:52  Probe x2 (Chrono Boost)  
  50  6:02  Probe (Chrono Boost)  
  51  6:05  Probe (Chrono Boost)  
  49  6:13  Nexus, Probe (Chrono Boost)  
  49  6:15  Probe (Chrono Boost)  
  51  6:19  Robotics Facility  
  51  6:20  Sentry  
  51  6:23  Probe (Chrono Boost)  
  54  6:26  Probe (Chrono Boost)  
  54  6:29  Pylon  
  55  6:34  Oracle  
  55  6:35  Probe (Chrono Boost)  
  55  6:37  Probe (Chrono Boost)  
  61  6:47  Probe (Chrono Boost)  
  61  6:48  Probe (Chrono Boost), Pylon  
  61  6:51  Adept  
  61  6:53  Assimilator  
  64  6:58  Adept x2  
  66  7:03  Immortal  
  70  7:10  Probe x2 (Chrono Boost)  
  72  7:17  Adept  
  72  7:20  Probe (Chrono Boost), Adept  
  72  7:22  Probe (Chrono Boost)  
  78  7:23  Assimilator  
  78  7:26  Stalker  
  80  7:41  Immortal  
  80  7:43  Stalker x2  
  80  7:46  Probe (Chrono Boost)  
  80  7:47  Probe (Chrono Boost)  
  80  7:49  Probe (Chrono Boost)  
  81  7:58  Probe (Chrono Boost)  
  69  7:59  Probe (Chrono Boost)  
  69  8:03  Stalker  
  69  8:08  Stalker x2  
  69  8:12  Probe (Chrono Boost)  
  66  8:14  Probe x2 (Chrono Boost)  
  66  8:18  Robotics Bay  
Tags
 
Add a new tag
Caveats
  • Supply blocks, unpowered buildings, or Contaminate may cause inaccurate times.
  • Supply counts are checked every 10 seconds.